 Dungeon Crawl Stone Soup version 0.32-a0-163-g159c032296 (webtiles) character file.

Game seed: 16706959853199787726

360 greenreed the Ruffian (level 6, -6/52 HPs)
             Began as a Draconian Shapeshifter on Feb 11, 2024.
             Mangled by a hornet (11 damage)
             ... on level 5 of the Dungeon.
             The game lasted 00:08:53 (3816 turns).

greenreed the Ruffian (Draconian Shapeshifter)      Turns: 3816, Time: 00:08:53

Health: -6/52      AC:  6    Str: 19    XL:     6   Next: 38%
Magic:  6/6        EV: 12    Int: 10    God:
Gold:   200        SH:  0    Dex: 10    Spells: 5/5 levels left

rFire   . .          .
                       - Unarmed
rCold   . . .        (no shield)
rNeg    . . .        (body armour unavailable)
rPois   .            (helmet currently unavailable)
rElec   .            (cloak currently unavailable)
rCorr   +            (gloves currently unavailable)
SInv    .            (boots currently unavailable)
Will    .....        t - amulet of regeneration
Stlth   +            n - ring of resist corrosion
HPRegen 1.08/turn    (no ring)
MPRegen 0.10/turn

%: no passive effects
@: lethally poisoned (-6 -> -6), beast-form, slowed, very slow
A: beast (slay +2), AC +6, unfitting armour, cold-blooded
a: Begin Untransformation


You were on level 5 of the Dungeon.
You were a hulking beast.
You visited 2 branches of the dungeon, and saw 6 of its levels.

You collected 200 gold pieces.

Inventory:

Armour
 d - a +0 pair of boots
 s - a +0 tower shield
Jewellery
 n - a ring of resist corrosion (left hand)
 p - a ring of ice
 t - an amulet of regeneration (around neck)
 z - an amulet of magic regeneration
 B - an amulet of the acrobat
Talismans
 b - a beast talisman
 c - a flux talisman
 A - the blade talisman "Wurcheil" {rPois Str+7 Int-2 Dex-2}
   (You found it on level 5 of the Dungeon)

   [blade talisman]

   Str+7:     It affects your strength (+7).
   Int-2:     It affects your intelligence (-2).
   Dex-2:     It affects your dexterity (-2).
   rPois:     It protects you from poison
Wands
 o - a wand of flame (37)
 y - a wand of roots (5)
Scrolls
 f - a scroll of fear {unknown}
 j - a scroll of teleportation {unknown}
 k - 2 scrolls of identify {unknown}
 l - a scroll of blinking {unknown}
 m - 2 scrolls of enchant weapon {unknown}
 u - a scroll of vulnerability {unknown}
 v - a scroll of enchant armour {unknown}
 w - 2 scrolls of amnesia {unknown}
Potions
 a - a potion of lignification
 e - 2 potions of resistance {unknown}
 g - 2 potions of curing {unknown}
 h - a potion of mutation {unknown}
 i - 3 potions of berserk rage {unknown}
 q - a potion of brilliance {unknown}
 r - a potion of cancellation {unknown}
 x - a potion of enlightenment {unknown}


   Skills:
 * Level 4.2 Fighting
 + Level 3.0 Dodging
 * Level 4.8 Unarmed Combat
 + Level 3.8 Shapeshifting


You had 5 spell levels left.
You didn't know any spells.
Your spell library contained the following spells:

 Spells                   Type           Power      Damage    Failure   Level
 Foxfire                  Conj/Fire      0%         2x1d4     36%         1
 Freeze                   Ice            0%         1d3       36%         1
 Slow                     Hex            0%         N/A       36%         1
 Call Imp                 Summ           0%         N/A       50%         2
 Mercury Vapours          Alch/Air       0%         N/A       50%         2
 Sublimation of Blood     Necr           0%         N/A       50%         2
 Confusing Touch          Hex            0%         N/A       75%         3
 Frozen Ramparts          Ice            0%         1d1       75%         3
 Gell's Gravitas          Tloc           0%         N/A       75%         3
 Hailstorm                Conj/Ice       0%         3d5       75%         3
 Mephitic Cloud           Conj/Alch/Air  0%         N/A       75%         3
 Sigil of Binding         Hex            0%         N/A       75%         3
 Teleport Other           Tloc           0%         N/A       75%         3
 Vampiric Draining        Necr           0%         2d6       75%         3
 Leda's Liquefaction      Alch/Erth      0%         N/A       98%         4
 Passage of Golubria      Tloc           0%         N/A       98%         4
 Petrify                  Alch/Erth      0%         N/A       98%         4
 Freezing Cloud           Conj/Ice/Air   0%         6-21      100%        5
 Metabolic Englaciation   Hex/Ice        0%         N/A       100%        5
 Silence                  Hex/Air        0%         N/A       100%        5
 Dispersal                Tloc           0%         N/A       100%        6
 Plasma Beam              Fire/Air       0%         2x1d10    100%        6
 Starburst                Conj/Fire      0%         6d3       100%        6
 Summon Hydra             Summ           0%         N/A       100%        7
 Lehudib's Crystal Spear  Conj/Erth      0%         10d2      100%        8


Dungeon Overview and Level Annotations

Branches:
Dungeon (5/15)             Temple (1/1) D:4

Altars:
Ashenzari
Elyvilon
Fedhas
Gozag
Kikubaaqudgha
Makhleb
Ru
Trog
Uskayaw
Vehumet
Zin
The Shining One

Shops:
D:2 :

Annotations:
Temple 4 transporters


Innate Abilities, Weirdness & Mutations

You are a hulking beast.
Your limbs bulge with bestial killing power. (Slay +2)
Your plain brown scales are hard. (AC +6)
You cannot fit into any form of body armour.
You are cold-blooded and may be slowed by cold attacks.


Message History

You are poisoned.
You feel yourself slow down.
Unknown command.
Unknown command.
You hit the hornet but do no damage.
You tail-slap the hornet, but do no damage.
The hornet is moderately wounded.
The grasping roots constrict the sleepcap!
The grasping roots constrict the hornet.
You feel very sick.
The roots release their grip on the sleepcap.
The roots release their grip on the hornet.
The hornet stings you!
You feel as though you will be slow longer.
The hornet stings you!
You feel as though you will be slow longer.
Unknown command.
Aiming: Fastroot
Press: ? - help, Shift-Dir - straight line, f/p - hornet
Aim: a hornet (heavily wounded)
The roots erupt in riotous growth!
Roots grab the hornet.
Roots grab the sleepcap.
The grasping roots constrict the sleepcap.
You destroy the sleepcap!
The grasping roots constrict the hornet!
You feel very sick.
The hornet stings you but does no damage.
The hornet stings you!
* * * LOW HITPOINT WARNING * * *
You feel as though you will be slow longer.
The hornet misses you.
Your Dodging skill increases to level 3!
Unknown command.
Unknown command.
The grasping roots constrict the hornet, but do no damage.
You feel sick.
The roots release their grip on the hornet.
An adder comes into view.
The hornet stings you!
You die...

.... ..# # .## #
..###. # ..#
##..#.#.##f# ...
........S..# #.# #.#
#.# ##'## #.# ##.y.##
#.# ##..h..##
######.## ##.......##
#.......####.<.......#
...........'.........+
#.###...####.........#
#.# #...# ##.......##
#.# #.#.# ##.....##
#.# #...# ##...##
#.###.#.# ##+##


You could see a hornet and an adder.

Vanquished Creatures
  2 hounds
  2 jellies (D:4)
  2 sleepcaps
  Jessica (D:3)
  2 iguanas (D:5)
  Robin (D:2)
  3 adders
  A ribbon worm (D:3)
  6 bats
  7 endoplasms
  5 giant cockroaches
  7 hobgoblins
  4 jackals (D:1)
  3 kobolds
  3 quokkas
  7 ball pythons
  4 frilled lizards
  12 goblins
  2 rats
74 creatures vanquished.

Notes
Turn   | Place    | Note
-------+----------+-------------------------------------------
     0 | D:1      | greenreed the Draconian Shapeshifter began the quest for
                  | the Orb.
     0 | D:1      | Reached XP level 1. HP: 16/16 MP: 1/1
   168 | D:1      | Reached XP level 2. HP: 19/23 MP: 2/2
   839 | D:1      | Reached XP level 3. HP: 29/29 MP: 3/3
  1166 | D:2      | Found a faded altar of an unknown god.
  1248 | D:2      | Found a sacrificial altar of Ru.
  1284 | D:2      | Found Jinirphah's Vocational Training.
  1567 | D:2      | Noticed Robin
  1742 | D:2      | Killed Robin
  1962 | D:3      | Reached XP level 4. HP: 35/37 MP: 4/4
  2225 | D:3      | Noticed Jessica
  2229 | D:3      | Killed Jessica
  2817 | D:4      | Found a staircase to the Ecumenical Temple.
  2826 | Temple   | Found a transporter.
  2826 | Temple   | Found a transporter.
  2826 | Temple   | Found a transporter.
  2826 | Temple   | Found a transporter.
  2826 | Temple   | Entered the Ecumenical Temple
  3024 | D:4      | Reached XP level 5. HP: 45/45 MP: 5/5
  3463 | D:5      | Entered Level 5 of the Dungeon
  3488 | D:5      | Reached XP level 6. HP: 37/52 MP: 6/6
  3581 | D:5      | Identified the blade talisman "Wurcheil" {rPois Str+7 Int-2
                  | Dex-2}
  3808 | D:5      | Noticed a hornet
  3816 | D:5      | Mangled by a hornet

Illustrated notes

Levels and vault maps discovered:
D:1:      matt_arrival_diagonals, layout_loops_corners, grunt_decor_cap,
          serial_bayou_pond_e, corexii_item_surrounded_by_moat,
          minmay_split_cup_large
D:2:      layout_loops_ring, shapermc_ecumenical_altar_mp_highgroup,
          basic_altar, nicolae_shop_vocational, uniq_robin
D:3:      layout_basic, nicolae_houndstooth_variations, uniq_jessica
D:4:      layout_gridville, minmay_temple_entry_statues
D:5:      layout_loops_corners, kennysheep_generic_room_4
Temple:   hellmonk_temple_divided_pantheon

Skill      XL: |  1  2  3  4  5  6 |
---------------+-------------------+-----
Dodging        | 2 3 |  3.0
Fighting       | 2 3 4 |  4.2
Unarmed Combat | 4 |  4.8
Shapeshifting  | |  3.8

Action                     |  1- 3 |  4- 6 || total
---------------------------+-------+-------++-------
  Melee: Unarmed           |   136 |   100 ||   236
         Tailslap          |    14 |    13 ||    27
         Punch             |     1 |     4 ||     5
  Evoke: Wand              |       |     4 ||     4
   Stab: Sleeping          |     2 |     2 ||     4
 Armour: Skin              |    80 |    61 ||   141
  Dodge: Dodged            |    77 |    56 ||   133

Table legend: (Time is in decaauts)
 A = Elapsed time spent in this place.
 B = Non-inter-level travel time spent in this place.
 C = Inter-level travel time spent in this place.
 D = Time resting spent in this place.
 E = Time spent auto-exploring this place.
 F = Levels seen in this place.
 G = Mean time per level.
                   A        B        C        D        E       F      G
               +--------+--------+--------+--------+--------+-----+--------+
         Total |   3810 |   3706 |    104 |     68 |   3021 |   6 |  635.0 |
       Dungeon |   3795 |   3698 |     97 |     68 |   3021 |   5 |  759.0 |
        Temple |     15 |      8 |      7 |      0 |      0 |   1 |   15.0 |
               +--------+--------+--------+--------+--------+-----+--------+

Top non-repeatable levels by time:
     D:1: 1155 daAuts
     D:2: 789 daAuts
     D:3: 772 daAuts
     D:4: 726 daAuts
     D:5: 351 daAuts
  Temple: 15 daAuts
